 Dungeon Sprint DCSS version 0.28.0-47-ge53b351184 (webtiles) character file.

Game seed: 14805127301815198912

678 Arandomuser85 the Fighter (level 7, -3/136 HPs)
             Began as an Ogre Berserker on May 3, 2022.
             Was an Elder of Trog.
             Killed from afar by a gargoyle (5 damage)
             ... with a stone arrow
             ... in the Dungeon (Sprint IX: "|||||||||||||||||||||||||||||").
             The game lasted 00:00:38 (221 turns).

Arandomuser85 the Fighter (Ogre Berserker)           Turns: 221, Time: 00:00:38

Health: -3/136     AC:  7    Str: 22    XL:     7   Next: 60%
Magic:  7/7        EV: 12    Int:  8    God:    Trog [****..]
Gold:   0          SH:  0    Dex: 10    Spells: 6/6 levels left

rFire   . . .      SeeInvis .   i - +0 giant club
rCold   . . .      Faith    .   (shield currently unavailable)
rNeg    . . .      Spirit   .   b - +0 animal skin
rPois   .          Reflect  .   (helmet restricted)
rElec   .          Harm     .   (no cloak)
rCorr   .          Rampage  .   (gloves unavailable)
Will    .....      NoTele   +   (boots unavailable)
Stlth   ..........              (no amulet)
HPRegen 0.32/turn               l - +2 ring of protection
MPRegen 0.10/turn               m - +2 ring of protection

@: berserking (expiring), very quick
A: large, unfitting armour, tough skin 1
a: Renounce Religion, Berserk, Trog's Hand, Brothers in Arms


You were in the Dungeon.
You worshipped Trog.
Trog was greatly pleased with you.
You visited 1 branch

Inventory:

Hand Weapons
 a - a +0 mace
 i - a +0 giant club (weapon)
Armour
 b - a +0 animal skin (worn)
Jewellery
 l - a +2 ring of protection (left hand)
 m - a +2 ring of protection (right hand)
Wands
 k - a wand of acid (10)
Scrolls
 h - 2 scrolls of blinking
Potions
 c - 5 potions of curing
 d - 3 potions of heal wounds
 e - a potion of haste
 f - 4 potions of magic
 g - a potion of berserk rage
 j - a potion of invisibility


   Skills:
 + Level 12.1 Fighting
 + Level 10.6 Maces & Flails
 + Level 7.4 Dodging


You had 6 spell levels left.
You didn't know any spells.
Your spell library was empty.

Dungeon Overview and Level Annotations

Branches:
Dungeon (1/1)

Altars:
Cheibriados
Dithmenos
Elyvilon
Fedhas
Gozag
Hepliaklqana
Kikubaaqudgha
Makhleb
Nemelex Xobeh
Okawaru
Qazlal
Ru
Sif Muna
Trog
Uskayaw
Vehumet
Wu Jian
Xom
Yredelemnul
Zin
The Shining One
Beogh
Jiyva
Lugonu


Innate Abilities, Weirdness & Mutations

You are too large for most types of armour.
You have tough skin. (AC +1)


Message History

The two-headed ogre is almost dead.
The orc warrior hits you from afar with a +0 halberd!!
* * * LOW HITPOINT WARNING * * *
You bludgeon the two-headed ogre!!
You kill the two-headed ogre!
Trog accepts your kill. The orc warrior barely misses you.
Your Fighting skill gained 5 levels and is now at level 12!
Your Maces & Flails skill gained 5 levels and is now at level 10!
Your Dodging skill gained 3 levels and is now at level 7!
You have reached level 5!
You have reached level 6!
You feel stronger.
You have reached level 7!
The orc warrior barely misses you.
Things that are here:
a +0 giant club; a +0 giant club; a two-headed ogre corpse You closely miss the orc warrior.
You bludgeon the orc warrior!!
The orc warrior is almost dead.
The orc warrior hits you with a +0 halberd!
* * * LOW HITPOINT WARNING * * *
You completely miss the orc warrior.
The orc warrior is almost dead.
The orc warrior misses you.
You barely miss the orc warrior.
The orc warrior is almost dead.
The orc warrior barely misses you.
You barely miss the orc warrior.
The orc warrior is almost dead.
You hit the orc warrior but do no damage.
The orc warrior is almost dead.
The orc warrior hits you with a +0 halberd.
* * * LOW HITPOINT WARNING * * *
You bludgeon the orc warrior!!
You kill the orc warrior!
Trog accepts your kill.
You can now call in reinforcements.
The gargoyle hurls a stone arrow at you.
The stone arrow hits you.
You die... ▓▓▓▓▓▓▓▓▓▓▓▓▓▓▓▓▓▓▓▓▓▓▓ _____'.?).[[[..'@)9cyY+ ▓▓▓▓▓▓▓▓▓▓▓▓▓▓▓▓▓▓▓▓▓▓▓

You could see a yak, a gargoyle, a centaur and a killer bee.

Vanquished Creatures
  A two-headed ogre (D)
  An orc warrior (D)
  An ogre (D)
  2 orcs (D)
  A bat zombie (D)
  An endoplasm (D)
  A hobgoblin (D)
  A jackal (D)
  A ball python skeleton (D)
  A frilled lizard (D)
  A rat (D)
12 creatures vanquished.

Notes
Turn   | Place    | Note
-------+----------+-------------------------------------------
     0 | D        | Arandomuser85 the Ogre Berserker began the quest for the
                  | Orb.
     0 | D        | Reached XP level 1. HP: 24/24 MP: 1/1
     7 | D        | Reached ** piety under Trog
    82 | D        | Noticed an ogre
    85 | D        | Reached skill level 5 in Fighting
    85 | D        | Reached XP level 2. HP: 35/35 MP: 2/2
    86 | D        | Reached *** piety under Trog
    94 | D        | Killed an ogre
    95 | D        | Reached skill level 7 in Fighting
    95 | D        | Reached skill level 5 in Maces & Flails
    95 | D        | Reached XP level 3. HP: 48/48 MP: 3/3
    95 | D        | Reached XP level 4. HP: 57/57 MP: 4/4
   160 | D        | Found a snail-covered altar of Cheibriados.
   160 | D        | Found a shadowy altar of Dithmenos.
   160 | D        | Found a white marble altar of Elyvilon.
   160 | D        | Found a blossoming altar of Fedhas.
   160 | D        | Found an opulent altar of Gozag.
   161 | D        | Found a hazy altar of Hepliaklqana.
   162 | D        | Found a viscous altar of Jiyva.
   163 | D        | Found an ancient bone altar of Kikubaaqudgha.
   164 | D        | Found a corrupted altar of Lugonu.
   165 | D        | Found a burning altar of Makhleb.
   166 | D        | Found a sparkling altar of Nemelex Xobeh.
   167 | D        | Found an iron altar of Okawaru.
   168 | D        | Found a stormy altar of Qazlal.
   169 | D        | Found a sacrificial altar of Ru.
   170 | D        | Found a shimmering blue altar of Sif Muna.
   171 | D        | Found a bloodstained altar of Trog.
   172 | D        | Found a hide-covered altar of Uskayaw.
   173 | D        | Found a radiant altar of Vehumet.
   174 | D        | Found an ornate altar of the Wu Jian Council.
   175 | D        | Found a shimmering altar of Xom.
   176 | D        | Found a basalt altar of Yredelemnul.
   177 | D        | Found a glowing silver altar of Zin.
   178 | D        | Found a glowing golden altar of the Shining One.
   205 | D        | Noticed an orc warrior
   205 | D        | Noticed a two-headed ogre
   205 | D        | Noticed a gargoyle
   205 | D        | Noticed a centaur
   205 | D        | Noticed a yak
   213 | D        | Killed a two-headed ogre
   214 | D        | Reached skill level 12 in Fighting
   214 | D        | Reached skill level 10 in Maces & Flails
   214 | D        | Reached XP level 5. HP: 11/74 MP: 5/5
   214 | D        | Reached XP level 6. HP: 12/83 MP: 6/6
   214 | D        | Reached XP level 7. HP: 14/91 MP: 7/7
   216 | D        | HP: 5/136 [orc warrior/+0 halberd (9)]
   220 | D        | HP: 1/136 [orc warrior/+0 halberd (5)]
   221 | D        | Reached **** piety under Trog
   221 | D        | Killed from afar by a gargoyle

Illustrated notes

Levels and vault maps discovered:
D:        linesprint [early_d, line_temple, items_1, d_10, items_2, lair_1,
          lair_end, items_3, orc_1, orc_end, items_4, d_15, swamp_1, shoals_1,
          snake_1, spider_1, d_20, vaults_1, items_5, swamp_end, shoals_end,
          snake_end, spider_end, vaults_end, d_27, items_6, zot_1, zot_end,
          crypt_end, forest_end, elf_end, slime_end, tomb_end, abyss_end,
          pan_hell_end]

Skill      XL: |  1  2  3  4 |
---------------+-------------+-----
Maces & Flails | 3 5 10 | 10.6
Dodging        | 3 4 7 |  7.4
Fighting       | 5 7 12 | 12.1

Action                   |  1- 3 |  4- 6 |  7- 9 || total
-------------------------+-------+-------+-------++-------
Melee: Mace              |    18 |     1 |       ||    19
       Giant club        |       |     6 |     7 ||    13
Invok: Berserk           |     1 |     1 |       ||     2
Armor: Animal skin       |     3 |     2 |       ||     5
Dodge: Dodged            |     5 |     6 |     3 ||    14
